AoeStats
← O grande

Arabia

507342118Analyzed
1v1 RM · 13d ago on Sep 17, 2026· 42m 41s· 2 players
Game mode
Random Map
Map size
Tiny (2 player)
Population
200
Speed
Normal
Resources
Standard
Victory
Conquest
Starting age
Dark Age
Ending age
Imperial Age
RankedLock teamsTeams togetherTeam positionsShared explorationLock speedFull tech treeHidden civsTurbo modeCheats
Victory
Defeat
🇧🇷 Persians · Brazil
1998
+12
🇫🇷 Persians · France
1910
-12
Beauvéro
6:43 Loom
8:59 Feudal Age
9:26 Man-at-Arms
12:11 Double-Bit Axe
13:00 Horse Collar
19:45 Castle Age
18:21 Gold Mining
18:55 Fletching
19:37 Bloodlines
20:00 Padded Archer Armor
20:13 Bodkin Arrow
20:40 Bow Saw
21:32 Husbandry
25:07 Wheelbarrow
27:38 Gold Shaft Mining
30:02 Thumb Ring
30:23 Hand Cart
31:51 Town Watch
33:25 Leather Archer Armor
35:45 Imperial Age
34:18 Ballistics
35:37 Stone Mining
35:12 Light Cavalry
35:26 Heavy Cavalry Archer
37:41 Chemistry
38:17 Ring Archer Armor
39:59 Parthian Tactics
O grande
5:39 Loom
8:55 Feudal Age
9:16 Double-Bit Axe
13:37 Horse Collar
17:20 Wheelbarrow
19:57 Castle Age
18:24 Gold Mining
19:43 Bloodlines
20:39 Bow Saw
21:29 Heavy Plow
22:23 Husbandry
22:30 Scale Barding Armor
23:48 Chain Barding Armor
25:00 Forging
26:30 Heavy Plow
29:56 Hand Cart
29:27 Town Watch
33:39 Imperial Age
32:07 Iron Casting
32:09 Gold Shaft Mining
31:24 Stone Mining
34:31 Plate Barding Armor
33:32 Cavalier
35:52 Two-Man Saw
35:31 Crop Rotation
36:03 Chemistry
36:06 Scale Mail Armor
35:27 Pikeman
36:08 Squires
35:53 Arson
37:22 Blast Furnace
37:05 Chain Mail Armor
37:57 Halberdier
38:50 Fletching
39:22 Ballistics
39:59 Stone Shaft Mining
39:27 Savar
Connection lost

Rejoining the realm…

Still unreachable

The connection could not be restored.

Session expired

The server has moved on; the page needs a fresh start.